 Dungeon Crawl Stone Soup version 0.20.1-1-g8b1a95d (webtiles) character file.

408 Knicklaso the Chopper (level 6, 0/49 HPs)
             Began as a Demonspawn Chaos Knight on July 29, 2017.
             Slain by a worm (1 damage)
             ... on level 3 of the Dungeon.
             The game lasted 00:05:27 (1826 turns).

Knicklaso the Chopper (Demonspawn Chaos Knight)     Turns: 1826, Time: 00:05:28

Health: 0/49       AC:  7    Str: 14      XL:     6   Next: 57%
Magic:  6/6        EV: 12    Int: 12 (14) God:    Xom [...*..]
Gold:   132        SH:  0    Dex: 11 (12) Spells: 5/5 levels left

rFire    . . .     SeeInvis .   a - +0 hand axe (chaos)
rCold    . . .     Gourm    .   (no shield)
rNeg     . . .     Faith    .   b - +2 leather armour
rPois    .         Spirit   .   (helmet restricted)
rElec    .         Reflect  .   (no cloak)
rCorr    .         Harm     .   (no gloves)
MR       .....     Clarity  +   (no boots)
Stlth    +.........             (no amulet)
Regen    0.2/turn               (no ring)
MPRegen  0.1/turn               (no ring)

@: no status effects
A: antennae 1, yellow scales 1, clarity, deterioration 1, high mp 1
a: Renounce Religion


You were on level 3 of the Dungeon.
You worshipped Xom.
You were a favourite toy of Xom.
You were not hungry.

You visited 1 branch of the dungeon, and saw 3 of its levels.

You collected 132 gold pieces.

Inventory:

Hand Weapons
 a - a +0 hand axe of chaos (weapon)
 e - a +0 falchion of holy wrath
 m - a +3 quarterstaff of chaos
Armour
 b - a +2 leather armour (worn)
 h - a +2 shield
Jewellery
 n - an uncursed ring of resist corrosion {unknown}
Scrolls
 d - 4 scrolls of remove curse {unknown}
 f - a scroll of enchant weapon {unknown}
 i - 4 scrolls of identify {unknown}
 j - 2 scrolls of teleportation {unknown}
Potions
 g - 2 potions of mutation {unknown}
 k - a potion of heal wounds {unknown}
 l - a potion of cancellation {unknown}
Comestibles
 c - 2 bread rations


   Skills:
 + Level 4.4 Fighting
 * Level 4.9 Axes
 + Level 3.0 Armour
 + Level 2.5 Dodging


You had 5 spell levels left.
You didn't know any spells.

Dungeon Overview and Level Annotations

Branches:
Dungeon (3/15)

Altars:
Nemelex Xobeh
Okawaru


Innate Abilities, Weirdness & Mutations

You have a pair of small antennae on your head.
You are partially covered in yellow scales. (AC +2)
You possess an exceptional clarity of mind.
Your body sometimes deteriorates upon taking damage.
You have an increased reservoir of magic. (+10% MP)


Message History

Waves of light ripple over the orc wizard's body.
You barely miss the orc. Something bites you!
Your body deteriorates!
You feel dopey. The orc closely misses you. The orc misses you.
The orc wizard hits you with a dagger.
You hit the orc wizard.
The orc wizard flickers and vanishes!
You hit the orc. You freeze the orc. You closely miss something.
Something bites you.
* * * LOW HITPOINT WARNING * * *
The orc hits you from afar with a trident.
* * * LOW HITPOINT WARNING * * *
The orc hits you but does no damage. Something hits you but does no damage.
You barely miss something. You hit the orc.
You kill the orc!
You hit something but do no damage. Something bites you!
* * * LOW HITPOINT WARNING * * *
Your body deteriorates!
You feel clumsy. The orc completely misses you.
Something hits you but does no damage.
You closely miss something. You hit something. Something bites you.
You die... "I guess I need a new plaything now."

####### #.....#
##....[###.##.
####.....@{o.....
#........){.#....
#.##........# 8
#.88P....#..#
#...P..#.#..#
#.P.........#
##.8.8......# ..
#######.#### ..
#.# . .#


You could see an orc.

Vanquished Creatures
  Sigmund (D:2)
  Crazy Yiuf (D:2)
  A centaur skeleton (D:3)
  An orc priest (D:2)
  A howler monkey zombie (D:3)
  Robin (D:2)
  A gnoll (shapeshifter) (D:2)
  A howler monkey skeleton (D:3)
  2 adders (D:3)
  2 adder skeletons (D:3)
  2 worms
  2 dart slugs
  3 leopard geckos (D:1)
  7 orcs
  3 bats (D:2)
  6 giant cockroaches
  10 goblins
  9 hobgoblins
  2 jackals (D:2)
  A ball python skeleton (D:3)
  6 frilled lizards
  8 kobolds
  A leopard gecko skeleton (D:3)
  6 rats
78 creatures vanquished.

Notes
Turn   | Place    | Note
-------+----------+-------------------------------------------
     0 | D:1      | Knicklaso the Demonspawn Chaos Knight began the quest for the Orb.
     0 | D:1      | Reached XP level 1. HP: 18/18 MP: 1/1
    41 | D:1      | XOM: harmless Erth miscast
    43 | D:1      | Reached skill level 1 in Dodging
    75 | D:1      | XOM: potion effect (brilliance)
   120 | D:1      | Gained mutation: You have a pair of small antennae on your head. [demonic ancestry]
   120 | D:1      | Reached XP level 2. HP: 19/24 MP: 2/2
   139 | D:1      | Found an iron altar of Okawaru.
   274 | D:1      | XOM: divination: detect items
   325 | D:1      | XOM: silly message
   598 | D:2      | Noticed Robin
   605 | D:2      | Gained mutation: You are partially covered in yellow scales. (AC +2) [demonic ancestry]
   605 | D:2      | Reached XP level 3. HP: 23/29 MP: 3/3
   857 | D:1      | XOM: harmless Pois miscast
   871 | D:2      | Killed Robin
   889 | D:2      | Gained mutation: You possess an exceptional clarity of mind. [mutagenic meat]
   890 | D:2      | Gained mutation: Your body sometimes deteriorates upon taking damage. [mutagenic meat]
   891 | D:2      | Gained mutation: You have an increased reservoir of magic. (+10% MP) [mutagenic meat]
   914 | D:2      | Found a faded altar of an unknown god.
   920 | D:2      | Noticed Sigmund
   923 | D:2      | Reached XP level 4. HP: 30/37 MP: 4/4
   925 | D:2      | XOM: harmless Necr miscast
   937 | D:2      | XOM: potion effect (haste)
   942 | D:2      | Killed Sigmund
   942 | D:2      | Reached XP level 5. HP: 18/42 MP: 5/5
  1215 | D:2      | Found a runed door.
  1299 | D:2      | Noticed Crazy Yiuf
  1299 | D:2      | XOM: potion effect (berserk rage)
  1306 | D:2      | Killed Crazy Yiuf
  1306 | D:2      | Reached XP level 6. HP: 48/48 MP: 6/6
  1394 | D:2      | Found a sparkling altar of Nemelex Xobeh.
  1825 | D:3      | HP: 1/49 [something (8)]
  1826 | D:3      | Slain by a worm

Skill      XL: |  1  2  3  4  5  6 |
---------------+-------------------+-----
Dodging        | 1 2 |  2.5
Axes           | 3 4 |  4.9
Armour         | 2 3 |  3.0
Fighting       | 4 |  4.4

Action                   |  1- 3 |  4- 6 || total
-------------------------+-------+-------++-------
Melee: Hand axe          |   119 |   123 ||   242
 Stab: Paralysed         |     1 |     1 ||     2
       Petrified         |     3 |       ||     3
       Confused          |       |     4 ||     4
  Eat: Chunk             |     3 |     3 ||     6
Armor: Leather armour    |    68 |    46 ||   114
Dodge: Dodged            |    84 |    87 ||   171
